[Event "DMP-III LIGA Senior PK 2020"]
[Site "Bystre"]
[Date "2020.07.11"]
[Round "6.28"]
[White "Szaro, Mariusz"]
[Black "Krynicki, Henryk"]
[Result "*"]
[ECO "D03"]
[WhiteElo "1559"]
[BlackElo "1661"]
[Annotator "NA"]
[PlyCount "25"]
[EventDate "2020.07.05"]
[EventType "team-tourn"]
[EventCountry "POL"]
[SourceTitle "playchess.com"]
[Source "ChessBase"]
[SourceQuality "1"]
[TimeControl "5400+30"]

1. d4 d5 2. Nf3 Nf6 3. Bg5 e6 4. e3 Be7 5. Bd3 O-O 6. Nbd2 b6 7. Qe2 Nbd7 8. Ne5 Bb7 9. Qf3 c5 10. c3 Qc7 11. Nxd7 Qxd7 12. Bxf6 Bxf6 13. Qh3 *

[Event "DMP-III LIGA Senior PK 2020"]
[Site "Bystre"]
[Date "2020.07.11"]
[Round "6.30"]
[White "Kruczek, Aleksandra"]
[Black "Krzysztynska, Anna"]
[Result "0-1"]
[ECO "A43"]
[WhiteElo "1038"]
[BlackElo "1857"]
[Annotator "NA RC"]
[PlyCount "160"]
[EventDate "2020.07.05"]
[EventType "team-tourn"]
[EventCountry "POL"]
[SourceTitle "playchess.com"]
[Source "ChessBase"]
[SourceQuality "1"]
[TimeControl "5400+30"]

1. d4 c5 2. Bf4 cxd4 3. Qxd4 Nc6 4. Qd2 e5 5. Bg3 {[%emt 0:03:50] [#]} d5 $146 ({Predecessor:} 5... Nf6 6. Nc3 d5 7. e3 a6 8. Nf3 e4 9. Nd4 Bb4 10. a3 Be7 11. Be2 O-O {½-½ (25) Doman,C (1856)-Jager,L Hungary 2007}) 6. e4 {[%emt 0:02:49] A43: Schmid Benoni.} d4 7. Bb5 f6 8. Ne2 Qb6 9. a4 a6 10. Bxc6+ $1 bxc6 11. b3 Nh6 12. h3 Be6 13. a5 Qb7 14. Qd3 Be7 15. O-O O-O 16. Nd2 Qb5 17. Rfc1 Rab8 18. Nxd4 exd4 19. Bxb8 Rxb8 20. Qxd4 Rd8 21. Qe3 Bc5 22. Qf4 Bd4 23. c3 Be5 24. Qe3 Qd3 25. Nf3 Qxe3 26. fxe3 Bxb3 27. Rab1 Bc4 28. Rb4 Be2 29. Rb6 (29. Nxe5 $11 fxe5 30. Rb2) 29... c5 30. Nxe5 fxe5 31. c4 Ra8 32. Rc6 Nf7 33. Rxc5 Bd3 34. Rd1 Bxe4 35. Rc7 Bf5 36. c5 Kf8 37. Rf1 Be6 38. c6 Rc8 $2 {[%emt 0:01:28] [#]} (38... Re8 $11) 39. Rxc8+ $2 (39. Rfxf7+ $1 {[%mdl 512] mates} Kg8 (39... Bxf7 40. Rxc8+) 40. Rxg7+ {[%mdl 64] Double Attack} Kf8 {[#]} 41. Rgf7+ $3 Kg8 42. Rxh7 Re8 43. Rcg7+ Kf8 44. Rh8+ Kxg7 45. Rxe8) 39... Bxc8 40. Rd1 Ke7 41. Rb1 Kd6 42. Rb8 $1 Kc7 43. Ra8 Nd6 44. Ra7+ Kxc6 45. Rxg7 Bf5 46. g4 Be4 47. Ra7 $2 (47. h4 $11) 47... Kb5 48. Re7 Nc4 49. h4 Kxa5 50. g5 Kb4 51. h5 Nd2 $2 (51... a5 $19 52. g6 hxg6) 52. g6 hxg6 53. h6 g5 54. Kf2 Nc4 55. Kg3 a5 56. Rb7+ Kc3 57. Ra7 Kd3 58. Kf2 g4 ({Don't go for} 58... Nxe3 $2 59. Rd7+ Kc4 60. Kxe3 $18) 59. Rd7+ (59. Kg3 $11) 59... Kc3 60. Rg7 $2 {[%emt 0:00:21] [#]} (60. Ra7 $17 {was the crucial defense.}) 60... a4 $1 61. Rxg4 Bf5 62. Rg5 Bc2 63. Rg1 a3 64. Kf3 Nd2+ 65. Ke2 Bd3+ 66. Kf2 Ne4+ 67. Kf3 Nf6 68. Ra1 Kb2 69. Rxa3 Kxa3 70. Kf2 Ng4+ 71. Ke1 Nxh6 72. Kd2 e4 73. Ke1 Ng4 74. Kd2 Kb3 75. Ke1 Nxe3 76. Kd2 Ng2 77. Kd1 e3 78. Kc1 e2 79. Kd2 e1=Q+ 80. Kxd3 Qe3# 0-1

[Event "DMP-III LIGA Senior PK 2020"]
[Site "Bystre"]
[Date "2020.07.11"]
[Round "7.3"]
[White "Szaro, Mariusz"]
[Black "Stefanski, Adam"]
[Result "0-1"]
[ECO "A46"]
[WhiteElo "1559"]
[BlackElo "1387"]
[Annotator "NA RC"]
[PlyCount "104"]
[EventDate "2020.07.05"]
[EventType "team-tourn"]
[EventCountry "POL"]
[SourceTitle "playchess.com"]
[Source "ChessBase"]
[SourceQuality "1"]
[TimeControl "5400+30"]

1. d4 Nf6 2. Nf3 e6 3. Bg5 d5 4. e3 c5 5. c3 Nc6 6. Nbd2 cxd4 7. exd4 h6 8. Bh4 Be7 9. Bd3 Qc7 10. Qe2 Nh5 11. Bxe7 Nf4 12. Qf1 Nxd3+ 13. Qxd3 Nxe7 14. O-O Bd7 15. Ne5 a6 16. Qf3 Nf5 17. g4 Nd6 18. a4 Bc6 19. Qd3 Qe7 20. Nxc6 bxc6 21. Qg3 h5 22. Rfe1 hxg4 23. Qxg4 Rh6 24. Qf4 Rf6 25. Qh4 Rg6+ 26. Qg3 Rxg3+ 27. fxg3 Nf5 28. Nf3 c5 29. Re5 cxd4 30. Rxf5 exf5 31. Re1 Qxe1+ 32. Nxe1 dxc3 33. bxc3 Rc8 34. Nc2 Rxc3 35. Nb4 d4 36. Kf2 Ra3 37. Nxa6 Rxa4 38. Nc5 Ra3 39. Ke2 Ke7 40. Nd3 Ra2+ 41. Kf3 Rxh2 42. Kf4 Kf6 43. Kf3 Rc2 44. Nf4 g5 45. Nd5+ Ke6 46. Nb4 Rc3+ 47. Kf2 Ke5 48. Ke2 Ke4 49. Kd2 Rxg3 50. Na6 Rg2+ 51. Kd1 Ke3 52. Nc5 d3 0-1

[Event "DMP-III LIGA Senior PK 2020"]
[Site "Bystre"]
[Date "2020.07.11"]
[Round "7.5"]
[White "Dziura, Wiktor"]
[Black "Medrygal, Rafal"]
[Result "0-1"]
[ECO "A00"]
[WhiteElo "1353"]
[BlackElo "1258"]
[Annotator "NA RC"]
[PlyCount "58"]
[EventDate "2020.07.05"]
[EventType "team-tourn"]
[EventCountry "POL"]
[SourceTitle "playchess.com"]
[Source "ChessBase"]
[SourceQuality "1"]
[TimeControl "5400+30"]

1. g3 e5 2. Bg2 Nf6 3. c4 d5 4. cxd5 Nxd5 5. Nc3 Nxc3 6. bxc3 Bc5 7. Nf3 Nc6 8. O-O O-O 9. d3 Bf5 10. Nd2 Qd7 11. Ne4 Be7 12. Re1 Bh3 13. Bh1 f5 14. Ng5 Bxg5 15. Bxg5 f4 16. Qb3+ Kh8 17. Qxb7 Qf5 18. Bxf4 exf4 19. Qxc6 fxg3 20. Qf3 gxf2+ 21. Kxf2 Qe5 22. d4 Rxf3+ 23. Bxf3 Qxh2+ 24. Ke3 Re8+ 25. Kd3 Bf5+ 26. Kd2 Qf4+ 27. Kd1 Rb8 28. Bc6 Qe3 29. Rf1 Rb2 0-1

[Event "DMP-III LIGA Senior PK 2020"]
[Site "Bystre"]
[Date "2020.07.11"]
[Round "7.6"]
[White "Trybowska, Anna"]
[Black "Kruczek, Aleksandra"]
[Result "1-0"]
[ECO "D06"]
[WhiteElo "1583"]
[BlackElo "1038"]
[Annotator "NA RC"]
[PlyCount "107"]
[EventDate "2020.07.05"]
[EventType "team-tourn"]
[EventCountry "POL"]
[SourceTitle "playchess.com"]
[Source "ChessBase"]
[SourceQuality "1"]
[TimeControl "5400+30"]

1. d4 d5 2. c4 c5 3. e3 e6 4. Nc3 Nf6 5. Nf3 Nc6 6. a3 Be7 7. dxc5 O-O 8. cxd5 exd5 9. b4 Ne4 10. Nxd5 Bf6 11. Nxf6+ Qxf6 12. Bd2 Bg4 13. Rc1 Rad8 14. Rc2 Ne5 15. Be2 Nd3+ 16. Bxd3 Rxd3 17. O-O Nxd2 18. Rxd2 Rxd2 19. Qxd2 Bxf3 20. gxf3 Qxf3 21. Qd1 Qh3 22. Qd5 h6 23. Qxb7 Re8 24. Qg2 Qh5 25. Kh1 Rd8 26. f4 Rd1 27. Qa8+ Kh7 28. Qe4+ f5 29. Qg2 Rd3 30. Qc2 Rxe3 31. c6 Re8 32. c7 Rc8 33. Qc6 Qe2 34. Qg2 Qxg2+ 35. Kxg2 Rxc7 36. Rf3 Kg6 37. Kg3 Rc1 38. Rb3 Kf6 39. a4 g5 40. a5 h5 41. fxg5+ Kxg5 42. h4+ Kf6 43. b5 Rf1 44. b6 f4+ 45. Kg2 Ra1 46. b7 Rxa5 47. b8=Q f3+ 48. Rxf3+ Ke6 49. Qe8+ Kd6 50. Rd3+ Kc5 51. Qe5+ Kb6 52. Rd6+ Kb7 53. Qe7+ Ka8 54. Rd8# 1-0

[Event "DMP-III LIGA Senior PK 2020"]
[Site "Bystre"]
[Date "2020.07.11"]
[Round "7.10"]
[White "Krynicki, Henryk"]
[Black "Mikula, Michal"]
[Result "0-1"]
[ECO "B27"]
[WhiteElo "1661"]
[BlackElo "1858"]
[Annotator "NA RC"]
[PlyCount "34"]
[EventDate "2020.07.05"]
[EventType "team-tourn"]
[EventCountry "POL"]
[SourceTitle "playchess.com"]
[Source "ChessBase"]
[SourceQuality "1"]
[TimeControl "5400+30"]

1. e4 c5 2. Nf3 g6 3. d4 cxd4 4. Qxd4 Nf6 5. e5 Nc6 6. Qh4 (6. Qa4 $11 Nd5 7. Qb3) 6... Nxe5 7. Nxe5 Qa5+ 8. Nc3 Qxe5+ 9. Be2 Qa5 10. O-O Bg7 11. f4 d6 12. g4 Bd7 13. f5 (13. g5 $17 {keeps fighting.} Nh5 14. Qf2) 13... gxf5 14. gxf5 O-O-O ({Resist} 14... Bxf5 15. Kh1 $17) 15. Qf2 $2 (15. Bf3 {might work better.}) 15... Bc6 (15... Rhg8 $142 16. Kh1 Bc6+ 17. Bf3 Ng4) 16. Bd2 $2 (16. Bf3) 16... Rhg8 $19 17. h3 Bh6+ 0-1

[Event "DMP-III LIGA Senior PK 2020"]
[Site "Bystre"]
[Date "2020.07.11"]
[Round "7.11"]
[White "Sygulski, Piotr"]
[Black "Borukalo, Zdzislaw"]
[Result "1-0"]
[ECO "B33"]
[WhiteElo "1652"]
[BlackElo "1679"]
[Annotator "NA RC"]
[PlyCount "83"]
[EventDate "2020.07.05"]
[EventType "team-tourn"]
[EventCountry "POL"]
[SourceTitle "playchess.com"]
[Source "ChessBase"]
[SourceQuality "1"]
[TimeControl "5400+30"]

1. e4 c5 2. Nf3 Nc6 3. d4 cxd4 4. Nxd4 Nf6 5. Nc3 e5 6. Ndb5 d6 7. Bg5 a6 8. Na3 b5 9. Bxf6 gxf6 10. Nd5 Bg7 11. Bd3 Ne7 12. Nxe7 Qxe7 13. Qd2 O-O 14. O-O Be6 15. c4 bxc4 16. Bxc4 f5 17. exf5 Bxf5 18. Rfd1 Rfd8 19. Bd5 Rab8 20. Rac1 Be6 21. b3 Rbc8 22. Rxc8 Bxc8 23. Nc4 Kh8 24. Bxf7 d5 25. Bh5 Qh4 26. Bf3 e4 27. g3 Qe7 28. Be2 Bf6 29. Ne3 d4 30. Nc4 Bg5 31. Qa5 Bf6 32. Re1 Bb7 33. Bf1 e3 34. Bd3 Rd5 35. Qb6 Rb5 36. Qd6 Qf7 37. fxe3 dxe3 38. Qb8+ Kg7 39. Nd6 Qd5 40. Qc7+ Kf8 41. Be4 Qxe4 42. Qf7# 1-0

[Event "DMP-III LIGA Senior PK 2020"]
[Site "Bystre"]
[Date "2020.07.11"]
[Round "7.13"]
[White "Miasik, Adrian"]
[Black "Dobrzanski, Krzysztof"]
[Result "1-0"]
[ECO "D52"]
[WhiteElo "1881"]
[BlackElo "1722"]
[Annotator "NA RC"]
[PlyCount "55"]
[EventDate "2020.07.05"]
[EventType "team-tourn"]
[EventCountry "POL"]
[SourceTitle "playchess.com"]
[Source "ChessBase"]
[SourceQuality "1"]
[TimeControl "5400+30"]

1. d4 d5 2. c4 c6 3. Nc3 Nf6 4. Nf3 e6 5. Bg5 Nbd7 6. e3 Be7 7. Bd3 O-O (7... h6 $5 8. Bf4 dxc4 9. Bxc4 O-O $14) 8. O-O dxc4 9. Bxc4 Nd5 10. Bxe7 Qxe7 11. e4 Qb4 12. Bxd5 exd5 13. exd5 Qxb2 14. Qd3 Nf6 15. dxc6 bxc6 16. Ne5 Qb6 17. Rab1 Qc7 18. Rfc1 $11 Be6 19. Nb5 Qa5 20. Nxc6 Qxa2 21. Nc7 Nd5 22. Ra1 Nf4 23. Qf3 Ne2+ 24. Kh1 Nxc1 25. Rxa2 Nxa2 26. Nxa8 a5 27. Nc7 Nb4 28. Ne7+ 1-0

[Event "DMP-III LIGA Senior PK 2020"]
[Site "Bystre"]
[Date "2020.07.11"]
[Round "7.14"]
[White "Palacki, Rafal"]
[Black "Ciasnocha, Michal"]
[Result "1/2-1/2"]
[ECO "C42"]
[WhiteElo "1755"]
[BlackElo "1795"]
[Annotator "NA"]
[PlyCount "77"]
[EventDate "2020.07.05"]
[EventType "team-tourn"]
[EventCountry "POL"]
[SourceTitle "playchess.com"]
[Source "ChessBase"]
[SourceQuality "1"]
[TimeControl "5400+30"]

1. e4 e5 2. Nf3 Nf6 3. Nxe5 d6 4. Nf3 Nxe4 5. d4 d5 6. Bd3 Bd6 7. O-O O-O 8. Re1 Re8 9. c4 c6 10. Nc3 Nxc3 11. bxc3 Nd7 12. Bg5 f6 13. Bh4 Nf8 14. Qb3 Be6 15. c5 Bc7 16. Qxb7 Qd7 17. Qb1 Bg4 18. Nd2 Rxe1+ 19. Qxe1 Ng6 20. Bxg6 hxg6 21. f3 Bf5 22. Nf1 Ba5 23. Bg3 Bd3 24. Qd2 Ba6 25. Re1 Re8 26. Rxe8+ Qxe8 27. Qe1 Qxe1 28. Bxe1 Bc7 29. g3 Kf7 30. Kf2 g5 31. Bd2 Ke6 32. Bc1 Ba5 33. Bb2 Bc4 34. a3 Bc7 35. Nd2 Bd3 36. Ke3 Ba6 37. a4 Kf5 38. Ba3 g4 39. Bb4 1/2-1/2

[Event "DMP-III LIGA Senior PK 2020"]
[Site "Bystre"]
[Date "2020.07.11"]
[Round "7.15"]
[White "Babiarz, Arkadiusz"]
[Black "Zajac, Karol"]
[Result "1-0"]
[ECO "C77"]
[WhiteElo "1840"]
[BlackElo "1652"]
[Annotator "NA RC"]
[PlyCount "69"]
[EventDate "2020.07.05"]
[EventType "team-tourn"]
[EventCountry "POL"]
[SourceTitle "playchess.com"]
[Source "ChessBase"]
[SourceQuality "1"]
[TimeControl "5400+30"]

1. e4 e5 2. Nf3 Nc6 3. Bb5 a6 4. Ba4 Nf6 5. Qe2 d6 6. c3 g6 {[%emt 0:01:28] C77: Ruy Lopez: 3...a6 4 Ba4 Nf6, unusual lines.} 7. d4 b5 8. Bb3 Bg7 9. a4 Rb8 10. O-O O-O {[%emt 0:04:08] [#]} 11. Re1 $146 ({Predecessor:} 11. axb5 axb5 12. dxe5 dxe5 13. Bg5 h6 14. Rd1 Qe7 15. Bxf6 Qxf6 16. Nbd2 Nd8 17. Ra7 {½-½ (101) Boric,E (2319)-Szczepkowska,K (2375) Valjevo 2012}) 11... Re8 12. Ng5 Rf8 13. Nf3 Re8 14. Nbd2 Nh5 15. dxe5 Nxe5 16. Nxe5 Bxe5 17. Nf3 Nf4 18. Bxf4 Bxf4 19. axb5 axb5 20. Nd4 $11 Bd7 21. Ra7 c5 22. Bxf7+ Kh8 23. Bxe8 Qxe8 24. Nf3 Be6 25. g3 Bh6 26. Qd3 Rd8 27. e5 Bf5 28. Qd5 dxe5 29. Rxe5 Qg8 30. Qxg8+ Kxg8 31. Kg2 Bc1 32. Ree7 Bxb2 33. Rg7+ Kf8 34. Raf7+ Ke8 35. Ng5 1-0

[Event "DMP-III LIGA Senior PK 2020"]
[Site "Bystre"]
[Date "2020.07.11"]
[Round "7.16"]
[White "Materniak, Aleksander"]
[Black "Ziemniak, Piotr"]
[Result "0-1"]
[ECO "B90"]
[WhiteElo "1660"]
[BlackElo "1791"]
[Annotator "NA RC"]
[PlyCount "74"]
[EventDate "2020.07.05"]
[EventType "team-tourn"]
[EventCountry "POL"]
[SourceTitle "playchess.com"]
[Source "ChessBase"]
[SourceQuality "1"]
[TimeControl "5400+30"]

1. e4 c5 2. Nf3 d6 3. d4 cxd4 4. Nxd4 Nf6 5. Nc3 a6 6. Be3 e5 7. Nb3 Be6 8. f3 Be7 9. Qd2 Qc7 10. O-O-O b5 11. g4 O-O 12. h4 b4 13. Nd5 Bxd5 14. exd5 a5 15. Kb1 a4 16. Nc1 Ra5 17. Qxb4 Nxd5 18. Rxd5 Rxd5 19. Bc4 Nc6 20. Qb6 Qxb6 21. Bxb6 Rd2 22. Nd3 Rb8 23. Be3 Re2 24. Nxe5 Rxe3 25. Nxc6 Rc8 26. Bd5 Bxh4 27. Be4 g6 28. Nb4 Rb8 29. Nd3 Bf6 30. Kc1 Re2 31. Kd1 Rg2 32. Nf4 Rxb2 33. Kc1 Rxa2 34. Nxg2 Ra1+ 35. Kd2 Rxh1 36. f4 a3 37. Bd5 Rh2 0-1

[Event "DMP-III LIGA Senior PK 2020"]
[Site "Bystre"]
[Date "2020.07.11"]
[Round "7.17"]
[White "Wozniak, Grzegorz"]
[Black "Materniak, Marek"]
[Result "1/2-1/2"]
[ECO "B23"]
[WhiteElo "1608"]
[BlackElo "1794"]
[Annotator "NA RC"]
[PlyCount "71"]
[EventDate "2020.07.05"]
[EventType "team-tourn"]
[EventCountry "POL"]
[SourceTitle "playchess.com"]
[Source "ChessBase"]
[SourceQuality "1"]
[TimeControl "5400+30"]

1. e4 c5 2. Nc3 e6 3. d4 cxd4 4. Qxd4 a6 5. b3 Qc7 6. Bb2 Nf6 7. f3 Nc6 8. Qd2 Bb4 9. O-O-O Qa5 10. Kb1 O-O 11. Nge2 d5 12. Qg5 Qd8 13. exd5 Nxd5 14. Qxd8 Rxd8 15. Nxd5 Rxd5 16. Rxd5 exd5 17. Nd4 Bc5 18. Nxc6 bxc6 19. Bd3 Bd7 20. Re1 a5 21. a3 h6 22. c3 Bd6 23. h3 Rb8 24. b4 c5 25. bxc5 Bxc5 26. Ka1 Be6 27. Re2 Rb6 28. Ka2 Kf8 29. Bc1 Ke7 30. Rb2 d4+ 31. c4 Kd7 32. Rxb6 Bxb6 33. Kb3 Kc6 34. Bd2 Kc5 35. a4 Bc7 36. Bc1 1/2-1/2

[Event "DMP-III LIGA Senior PK 2020"]
[Site "Bystre"]
[Date "2020.07.11"]
[Round "7.18"]
[White "Tarsa, Joanna"]
[Black "Polak, Sylwia"]
[Result "0-1"]
[ECO "B41"]
[WhiteElo "1574"]
[BlackElo "1614"]
[Annotator "NA RC"]
[PlyCount "128"]
[EventDate "2020.07.05"]
[EventType "team-tourn"]
[EventCountry "POL"]
[SourceTitle "playchess.com"]
[Source "ChessBase"]
[SourceQuality "1"]
[TimeControl "5400+30"]

1. e4 c5 2. Nf3 e6 3. d4 cxd4 4. Nxd4 a6 5. a3 Qc7 6. Nc3 Nf6 7. Be2 b5 8. Bg5 Be7 9. Bf3 Bb7 10. Be3 d6 11. O-O O-O 12. Qd2 Nbd7 13. Nb3 Ne5 14. Qe2 Nc4 15. Rab1 Nxa3 16. Ra1 Nc4 17. Rab1 Nxb2 18. Nxb5 axb5 19. Rxb2 Nxe4 20. Bxe4 Bxe4 21. Qxb5 Bf6 22. Rbb1 Qxc2 23. Rbc1 Qb2 24. Qb4 Bd5 25. Rb1 Qa3 26. Qxa3 Rxa3 27. Nd4 Bc4 28. Rfd1 d5 29. Nc2 Rb3 30. Rbc1 Rfb8 31. Nd4 Rd3 32. Rxd3 Bxd3 33. Rd1 Rb1 34. Rxb1 Bxb1 35. Kf1 e5 36. Nf3 d4 37. Bc1 e4 38. Nd2 Bd3+ 39. Ke1 Be5 40. g3 f5 41. Nb3 Bc2 42. Nc5 Kf7 43. Kd2 Bb1 44. Kd1 Ke7 45. Ba3 Bd6 46. Kc1 Ba2 47. Kd2 g5 48. Bb4 Bd5 49. Na6 Bxb4+ 50. Nxb4 Kd6 51. Nc2 Kc5 52. Ne1 Kc4 53. Nc2 f4 54. Na3+ Kc5 55. Nc2 Bb3 56. Ne1 Kc4 57. Ng2 e3+ 58. fxe3 fxe3+ 59. Nxe3+ dxe3+ 60. Kxe3 Kd5 61. Kf3 Bd1+ 62. Ke3 Ke5 63. Kd3 Kf5 64. h3 Bg4 0-1

[Event "DMP-III LIGA Senior PK 2020"]
[Site "Bystre"]
[Date "2020.07.11"]
[Round "7.21"]
[White "Biesiadecki, Adam"]
[Black "Klok, Kacper"]
[Result "1/2-1/2"]
[ECO "E06"]
[WhiteElo "1539"]
[BlackElo "1463"]
[Annotator "NA RC"]
[PlyCount "52"]
[EventDate "2020.07.05"]
[EventType "team-tourn"]
[EventCountry "POL"]
[SourceTitle "playchess.com"]
[Source "ChessBase"]
[SourceQuality "1"]
[TimeControl "5400+30"]

1. d4 Nf6 2. Nf3 e6 3. c4 d5 4. g3 Be7 5. Bg2 O-O 6. O-O c6 7. Qc2 dxc4 8. Qxc4 Qd5 9. Qxd5 exd5 10. Bg5 Bf5 11. Nc3 h6 12. Bxf6 Bxf6 13. e3 Nd7 14. Rac1 Rac8 15. Rfd1 Rfe8 16. a4 Bg4 17. h3 Bf5 18. g4 Bh7 19. Ne2 Be4 20. Ng3 Bh7 21. Bf1 a6 22. Bd3 Bxd3 23. Rxd3 Nb6 24. b3 g6 25. a5 Kg7 26. Re1 Nd7 1/2-1/2

[Event "DMP-III LIGA Senior PK 2020"]
[Site "Bystre"]
[Date "2020.07.11"]
[Round "7.24"]
[White "Uliasz, Katarzyna"]
[Black "Krzyzanowska-Zadlo, Lidia"]
[Result "1/2-1/2"]
[ECO "B24"]
[WhiteElo "1386"]
[BlackElo "1801"]
[Annotator "NA RC"]
[PlyCount "63"]
[EventDate "2020.07.05"]
[EventType "team-tourn"]
[EventCountry "POL"]
[SourceTitle "playchess.com"]
[Source "ChessBase"]
[SourceQuality "1"]
[TimeControl "5400+30"]

1. e4 c5 2. Nc3 Nc6 3. Bc4 e6 4. Nf3 a6 5. d3 b5 6. Bb3 d6 7. O-O Be7 8. Ne2 Nf6 9. c3 Ne5 10. Ng3 Bb7 11. Re1 O-O 12. d4 Nxf3+ 13. Qxf3 c4 14. Bc2 Qc7 15. Bd2 Rad8 16. h3 Ne8 17. Qe2 e5 18. Nf5 Bc8 19. Nxe7+ Qxe7 20. a4 Bd7 21. axb5 axb5 22. Ra7 Nf6 23. b3 cxb3 24. Bxb3 Ra8 25. Rea1 Rxa7 26. Rxa7 exd4 27. Bg5 Qxe4 28. Qxe4 Nxe4 29. Be7 Re8 30. Rxd7 Nc5 31. Rxd6 Nxb3 32. cxd4 1/2-1/2

[Event "DMP-III LIGA Senior PK 2020"]
[Site "Bystre"]
[Date "2020.07.11"]
[Round "7.26"]
[White "Mazurkiewicz, Andrzej"]
[Black "Lach, Ireneusz"]
[Result "1-0"]
[ECO "A53"]
[WhiteElo "1608"]
[BlackElo "1897"]
[Annotator "NA RC"]
[PlyCount "82"]
[EventDate "2020.07.05"]
[EventType "team-tourn"]
[EventCountry "POL"]
[SourceTitle "playchess.com"]
[Source "ChessBase"]
[SourceQuality "1"]
[TimeControl "5400+30"]

1. d4 Nf6 2. c4 d6 3. Nc3 Nbd7 4. e4 g6 5. Be2 Bg7 6. Bg5 h6 7. Bh4 {[%emt 0:00:39] E73: King's Indian: Averbakh Variation without 6...c5.} (7. Be3 $14) 7... c5 8. d5 {[%emt 0:00:46] [#]} a6 $146 ({Predecessor:} 8... g5 9. Bg3 h5 10. h3 Nf8 11. Nf3 Bh6 12. e5 dxe5 13. Nxe5 h4 14. Bh2 a6 {0-1 (71) Skomorokhin,R (2384)-Franck,B (2105) Lille 2014}) 9. f4 Qa5 10. Qd2 $1 O-O ({Black should try} 10... b5 $1 $11 11. cxb5 axb5 12. Bxb5 Rb8 13. Bxf6 Bxf6) 11. Nf3 Re8 12. O-O Nh7 13. Be1 Qc7 14. Rd1 Ndf8 15. h3 h5 16. Bg3 Bd7 17. e5 Rad8 18. Kh2 Qc8 19. Bh4 Bf5 20. Bd3 Bxd3 21. Qxd3 f6 22. e6 f5 23. Rg1 Nf6 24. Ng5 Qa8 25. Nf7 N8h7 26. Nxd8 Qxd8 27. g4 hxg4 28. hxg4 Nxg4+ 29. Rxg4 fxg4 30. Qxg6 Kh8 31. Qf7 Bf6 32. Bxf6+ exf6 33. Kg3 Re7 34. Qh5 Rg7 35. Rh1 Qe7 36. f5 Kg8 37. Ne4 b6 38. Rh4 Kf8 39. Rxg4 Rxg4+ 40. Kxg4 Qc7 {[%emt 0:00:35] [#]} 41. Nxd6 Qd8 1-0

[Event "DMP-III LIGA Senior PK 2020"]
[Site "Bystre"]
[Date "2020.07.11"]
[Round "7.27"]
[White "Janzer, Hubert"]
[Black "Chowaniec, Artur"]
[Result "1/2-1/2"]
[ECO "D00"]
[WhiteElo "1893"]
[BlackElo "1530"]
[Annotator "NA RC"]
[PlyCount "108"]
[EventDate "2020.07.05"]
[EventType "team-tourn"]
[EventCountry "POL"]
[SourceTitle "playchess.com"]
[Source "ChessBase"]
[SourceQuality "1"]
[TimeControl "5400+30"]

1. d4 d5 2. Bf4 c5 3. c3 cxd4 4. cxd4 Qb6 5. Qd2 Nc6 6. e3 {[%emt 0:00:15] D10: Slav Defence: 3 cxd5 (without early Nf3) and 3 Nc3.} Bf5 7. Nc3 e6 8. Nf3 {[%emt 0:00:35] [#]} h6 $146 ({Predecessor:} 8... Nf6 9. Bd3 Bxd3 10. Qxd3 Be7 11. O-O O-O 12. a3 Na5 13. b4 Nc4 14. Ne5 Rfc8 {0-1 (46) Makkar,R (1985)-Villiers,T (2173) Hull 2018}) 9. Be2 Nf6 10. Ne5 Nxe5 11. Bxe5 Bb4 12. f3 O-O 13. Bxf6 gxf6 14. g4 Bg6 15. h4 Kg7 16. h5 Bh7 17. Rc1 Rac8 18. a3 Bxc3 19. Rxc3 Rc6 20. O-O Qc7 21. Kg2 f5 22. Rxc6 Qxc6 23. Rc1 Qd7 24. Qc3 fxg4 25. fxg4 Be4+ 26. Kh3 f5 27. Qc7 Qxc7 28. Rxc7+ Rf7 29. Rc5 b6 30. Rc6 Kf6 31. Rc8 fxg4+ 32. Bxg4 Bf5 $11 33. Rh8 Kg7 34. Ra8 Kf6 35. Kh4 Bxg4 36. Kxg4 Rc7 37. Kf4 Rf7 38. b4 Ke7+ 39. Kg4 Rg7+ 40. Kh4 Kf6 41. Rh8 Kf5 42. Rxh6 Rg4+ 43. Kh3 Re4 44. Rg6 Rxe3+ 45. Kh2 Re4 46. Rg7 a5 47. Kg3 axb4 48. axb4 Rxd4 49. h6 Rd3+ 50. Kh2 Kf6 51. Rg2 Rd4 52. Kh3 Rd3+ 53. Kh4 Rd1 54. Kh3 Rd3+ 1/2-1/2

[Event "DMP-III LIGA Senior PK 2020"]
[Site "Bystre"]
[Date "2020.07.11"]
[Round "7.28"]
[White "Wrobel, Dariusz"]
[Black "Lach, Tomasz"]
[Result "0-1"]
[ECO "B13"]
[WhiteElo "1427"]
[BlackElo "1833"]
[Annotator "NA RC"]
[PlyCount "94"]
[EventDate "2020.07.05"]
[EventType "team-tourn"]
[EventCountry "POL"]
[SourceTitle "playchess.com"]
[Source "ChessBase"]
[SourceQuality "1"]
[TimeControl "5400+30"]

1. e4 c6 2. d4 d5 3. exd5 cxd5 4. Nf3 Nf6 5. Bb5+ Bd7 6. Qd3 {[%emt 0:00:44] B13: Caro-Kann: Exchange Variation and Panov-Botvinnik Attack.} a6 7. Bxd7+ Nbxd7 8. O-O e6 {[%emt 0:00:17] [#]} 9. Re1 $146 ({Predecessor:} 9. Bg5 Be7 10. Nc3 O-O 11. Rfe1 Re8 12. Re2 Rc8 13. Rae1 Bb4 14. Ne5 Qc7 15. Qg3 {0-1 (47) Giovannini,G-Bonzano,M Laveno 1999}) 9... Be7 10. Bg5 O-O 11. Nbd2 Rc8 12. Re2 Qc7 13. c3 Nb6 14. Ne5 Na4 15. Qc2 b5 16. f3 Nb6 17. a3 Nc4 18. Nf1 Rfe8 19. Rae1 Nxe5 20. Rxe5 Nd7 21. Bxe7 Nxe5 22. Bh4 Nc6 23. Qf2 a5 24. Bg3 Qb7 25. Bd6 b4 26. axb4 axb4 27. Bc5 bxc3 28. bxc3 Qb3 29. Qe3 Ra8 30. h4 Ra2 31. h5 Qc2 32. Qg5 Qf2+ {[%emt 0:02:17] Double Attack} 33. Kh2 h6 (33... Qxe1 $2 {too greedy.} 34. h6 $18) 34. Qg3 Qxg3+ 35. Kxg3 Rb8 36. Ne3 Rbb2 37. Kf4 f6 38. g4 Kf7 $19 39. Kg3 Re2 40. Rxe2 Rxe2 41. Nd1 Rd2 42. Ne3 Rd3 43. Kf2 Rxc3 44. Ke2 Rb3 45. f4 Na5 46. Nc2 Rg3 47. Ne3 Nc4 0-1

[Event "DMP-III LIGA Senior PK 2020"]
[Site "Bystre"]
[Date "2020.07.11"]
[Round "7.29"]
[White "Lach, Mateusz"]
[Black "Kielb, Miroslaw"]
[Result "1-0"]
[ECO "E00"]
[WhiteElo "1674"]
[BlackElo "1394"]
[Annotator "NA RC"]
[PlyCount "147"]
[EventDate "2020.07.05"]
[EventType "team-tourn"]
[EventCountry "POL"]
[SourceTitle "playchess.com"]
[Source "ChessBase"]
[SourceQuality "1"]
[TimeControl "5400+30"]

1. d4 Nf6 2. c4 e6 3. e3 d5 4. Nc3 Bb4 5. Bd2 O-O 6. a3 Bxc3 7. Bxc3 dxc4 8. Bxc4 c6 9. Nf3 b5 10. Bd3 Bb7 11. O-O Nbd7 12. Qc2 h6 13. h3 a6 14. Bb4 Re8 15. Bc5 Nxc5 16. dxc5 e5 17. Be4 Nxe4 18. Qxe4 Qd5 19. Qc2 Rad8 20. Rfd1 Qe6 21. Rxd8 Rxd8 22. Rd1 Rxd1+ 23. Qxd1 f6 24. Qd8+ Kf7 25. Qc7+ Qe7 26. Qxe7+ Kxe7 27. e4 Bc8 28. Ne1 a5 29. f3 a4 30. Kf2 f5 31. Nd3 Kf6 32. Nb4 Bb7 33. g3 fxe4 34. fxe4 h5 35. h4 g6 36. Kf3 Ke6 37. Ke3 Kf6 38. Kd3 Ke6 39. Kc3 Kf6 40. Nd3 Bc8 41. Kb4 Be6 42. Ka5 Bc4 43. Nb4 Bf1 44. Nxc6 Bg2 45. Kxb5 Bxe4 46. Na7 Kf5 47. c6 Bxc6+ 48. Nxc6 e4 49. Kxa4 e3 50. Nd4+ Ke4 51. Nc2 e2 52. b4 Kd3 53. Kb3 Kd2 54. b5 e1=Q 55. Nxe1 Kxe1 56. b6 Kf2 57. b7 Kxg3 58. b8=Q+ Kxh4 59. Qf4+ Kh3 60. Qg5 h4 61. Qxg6 Kh2 62. a4 h3 63. a5 Kh1 64. a6 h2 65. Qe4+ Kg1 66. a7 h1=Q 67. Qxh1+ Kxh1 68. a8=Q+ Kh2 69. Qg8 Kh3 70. Kc3 Kh4 71. Kd4 Kh5 72. Ke5 Kh4 73. Kf4 Kh3 74. Qg3# 1-0